 Dungeon Crawl Stone Soup version 0.19-a0-1091-g463c9de (webtiles) character file.

105 Jmtri7 the Chopper (level 4, -5/39 HPs)
             Began as a Hill Orc Fighter on Aug 7, 2016.
             Slain by a hobgoblin
             ... wielding a +0 club
             ... led by Robin
              (8 damage)
             ... on level 2 of the Dungeon.
             The game lasted 00:04:55 (1513 turns).

Jmtri7 the Chopper (Hill Orc Fighter)               Turns: 1513, Time: 00:04:56

Health: -5/39      AC:  8    Str: 24    XL:     4   Next: 81%
Magic:  4/4        EV:  7    Int:  8    God:
Gold:   116        SH:  9    Dex: 10    Spells: 0 memorised, 3 levels left

rFire  + . .     SeeInvis .     a - +0 war axe
rCold  . . .     Gourm    .     q - +2 scale mail {rF+}
rNeg   . . .     Faith    .     c - +0 shield
rPois  .         Spirit   .     (no helmet)
rElec  .         Dismiss  .     (no cloak)
rCorr  .         Reflect  .     (no gloves)
SustAt .         Harm     .     (no boots)
MR     .....                    r - amulet of inaccuracy (curse)
Stlth  ..........               (no ring)
                                s - ring of flight

@: mighty
A: no striking features
a: Evoke Flight


You were on level 2 of the Dungeon.
You were not hungry.

You visited 1 branch of the dungeon, and saw 3 of its levels.

You collected 116 gold pieces.

Inventory:

Hand Weapons
 a - a +0 war axe (weapon)
Armour
 c - a +0 shield (worn)
 q - a +2 scale mail of fire resistance (worn)
Jewellery
 r - a cursed amulet of inaccuracy (around neck)
 s - a ring of flight (left hand)
Wands
 k - a wand of teleportation (6/9)
Scrolls
 b - a scroll of enchant weapon {unknown}
 e - 4 scrolls of identify
 l - a scroll of fog {unknown}
Potions
 d - a potion of might
 h - a potion of brilliance
 j - a potion of haste {unknown}
 m - a potion of agility {unknown}
 o - a potion of curing {unknown}
 p - a potion of beneficial mutation {unknown}
Comestibles
 f - a bread ration
 g - a beef jerky
 n - a meat ration


   Skills:
 - Level 3.6 Fighting
 + Level 6.4 Axes
 - Level 3.2 Armour
 - Level 3.2 Shields


You had 3 spell levels left.
You didn't know any spells.

Dungeon Overview and Level Annotations

Branches:
Dungeon (3/15)

Altars:
Pakellas
Qazlal

Annotations:
D:3 Robin


Message History

You closely miss the hobgoblin.
The hobgoblin is severely wounded.
Your shield and scale mail prevent you from hitting the goblin.
You slash the jackal!
You kill the jackal!
The hobgoblin barely misses you. You block the goblin's attack.
You block the hobgoblin's attack. The goblin hits you but does no damage.
You barely miss the hobgoblin.
The hobgoblin is severely wounded.
Your shield prevents you from hitting the goblin.
The goblin no longer looks unusually strong.
The goblin hits you.
* * * LOW HITPOINT WARNING * * *
The hobgoblin barely misses you.
You miss the hobgoblin.
The hobgoblin is severely wounded.
You hit the goblin.
You kill the goblin!
The hobgoblin hits you with a club!
You die...

..(............#####...####
...........##+##..........#
...........##..#..........#
...........##..#..........#
...........#..............#
...........#...........####
.(.......#.............#
.........#......g†.....#
.........'....[.@......#
.........#.....†.†.....#
....(....#....)........#
.........#.............#
##.#.....###...........#
.(.#.##### #############
####.# .....# ######


You could see a hobgoblin.

Vanquished Creatures
  Terence (D:2)
  2 adders (D:2)
  2 oozes
  A dart slug (D:1)
  2 bats (D:2)
  2 giant cockroaches (D:1)
  11 hobgoblins
  2 jackals (D:2)
  A quokka (D:2)
  2 ball pythons
  3 giant newts
  7 goblins
  6 kobolds
  7 rats
49 creatures vanquished.

Vanquished Creatures (others)
  An ice dragon (D:2)
1 creature vanquished.

Grand Total: 50 creatures vanquished

Notes
Turn   | Place    | Note
-------+----------+-------------------------------------------
     0 | D:1      | Jmtri7 the Hill Orc Fighter began the quest for the Orb.
     0 | D:1      | Reached XP level 1. HP: 19/19 MP: 1/1
   141 | D:1      | Reached skill level 3 in Axes
   275 | D:1      | Reached XP level 2. HP: 21/26 MP: 2/2
   351 | D:1      | Reached skill level 4 in Axes
   548 | D:1      | Reached XP level 3. HP: 29/31 MP: 3/3
   932 | D:2      | Reached skill level 5 in Axes
   960 | D:2      | Noticed Terence
   973 | D:2      | Killed Terence
   973 | D:2      | Reached XP level 4. HP: 26/39 MP: 4/4
  1091 | D:2      | Reached skill level 6 in Axes
  1145 | D:2      | Found a stormy altar of Qazlal.
  1408 | D:2      | Found an oddly glowing altar of Pakellas.
  1408 | D:2      | Noticed an ice dragon
  1430 | D:2      | Killed an ice dragon
  1500 | D:3      | Noticed Robin
  1513 | D:2      | Slain by a hobgoblin

Vault maps used:
D:1:      dpeg_cavernosity
D:2:      gammafunk_pakellas_cloud_experiment, lemuel_round_altar, uniq_terence
D:3:      uniq_sigmund, uniq_iyjb, uniq_robin, uniq_grinder

Skill      XL: |  1  2  3  4 |
---------------+-------------+-----
Axes           | 3 4 5 6 |  6.4
Fighting       | |  3.6
Armour         | |  3.2
Shields        | |  3.2

Action                   |  1- 3 |  4- 6 || total
-------------------------+-------+-------++-------
Melee: War axe           |   104 |    87 ||   191
  Use: Scroll            |       |     4 ||     4
       Potion            |       |     1 ||     1
  Eat: Chunk             |       |     2 ||     2
Armor: Scale mail        |    52 |    67 ||   119
Dodge: Dodged            |    34 |    33 ||    67
Block: Shield            |    59 |    49 ||   108
